Map: Ever Dream LE

Players

LiquidClem (Clem)

  • Race: Terran Terran
  • League: Grandmaster
  • Spawn Location: 7:00

Serral - Winner!

  • Race: Zerg Zerg
  • League: Grandmaster
  • Spawn Location: 1:00

Event: War Chest Team League

VOD

Have the link to the VOD?

Description

Time

  • Played on: Aug. 16, 2020, 6:24 a.m.
  • Length: 12:58
Show
View Real Time Build Order
Export as new Build Order

LiquidClem Terran 

Build Orders: Liberator Opening, Reaper Expand 

Get SALT Encoding   

  12  0:00  SCV  
  13  0:12  SCV  
  14  0:16  Supply Depot  
  14  0:24  SCV  
  15  0:38  SCV, Barracks  
  16  0:43  Refinery  
  16  0:50  SCV  
  17  1:02  SCV  
  18  1:14  SCV  
  19  1:26  Reaper, Orbital Command  
  20  1:37  Command Center  
  20  1:45  Supply Depot  
  20  1:52  SCV  
  21  1:58  Marine  
  22  2:04  SCV  
  23  2:09  Factory  
  23  2:12  Refinery  
  23  2:16  SCV  
  23  2:19  Barracks Reactor  
  24  2:28  SCV  
  25  2:40  SCV  
  26  2:50  Orbital Command  
  26  2:52  SCV  
  26  2:54  Starport  
  27  3:00  Hellion x2  
  27  3:03  Marine  
  27  3:04  SCV  
  33  3:11  Supply Depot  
  33  3:17  SCV  
  33  3:18  SCV  
  34  3:21  Hellion x2  
  38  3:29  SCV  
  38  3:30  Liberator  
  42  3:35  Armory  
  42  3:37  Supply Depot  
  42  3:39  SCV  
  43  3:42  SCV  
  43  3:44  Hellion  
  43  3:47  Hellion  
  43  3:48  Barracks Tech Lab  
  48  3:51  SCV  
  49  3:56  SCV  
  49  4:00  Supply Depot  
  50  4:03  SCV  
  50  4:07  Hellion  
  50  4:08  SCV, Hellion  
  56  4:15  SCV  
  57  4:22  Starport Reactor  
  57  4:23  Command Center  
  57  4:26  SCV  
  57  4:27  SCV  
  57  4:29  Stimpack  
  59  4:37  Factory Tech Lab  
  59  4:38  SCV  
  60  4:39  SCV  
  60  4:42  Barracks x2  
  60  4:43  Marine  
  62  4:50  SCV  
  62  4:52  Engineering Bay  
  63  4:53  SCV, Engineering Bay  
  64  5:02  SCV  
  64  5:03  Siege Tank  
  64  5:04  Marine  
  64  5:05  SCV  
  68  5:10  Starport Reactor  
  64  5:14  SCV  
  64  5:17  SCV, Refinery  
  64  5:18  Refinery  
  64  5:21  Marine  
  64  5:22  Terran Infantry Weapons Level 1  
  64  5:26  SCV  
  66  5:29  SCV  
  66  5:34  Terran Infantry Armor Level 1  
  67  5:38  SCV  
  67  5:39  Marine, Barracks x2  
  67  5:40  Orbital Command  
  67  5:41  SCV, Marine  
  67  5:42  Marine  
  72  5:43  Marine  
  72  5:45  Marine  
  72  5:49  Siege Tank  
  77  5:52  Medivac  
  77  5:54  SCV x2  
  81  6:00  Supply Depot  
  81  6:01  Medivac  
  81  6:02  Marine  
  81  6:03  Marine  
  85  6:07  Orbital Command  
  85  6:10  Marine  
  85  6:11  SCV x2, Supply Depot  
  88  6:12  Marine x2  
  88  6:17  Supply Depot  
  90  6:21  Marine x2  
  90  6:23  SCV  
  90  6:24  Combat Shield  
  93  6:29  Barracks Reactor x2, SCV  
  94  6:34  SCV  
  94  6:35  SCV  
  94  6:36  Marine x3  
  99  6:41  SCV, Marine  
  99  6:42  Supply Depot  
  99  6:46  Marine  
  102  6:48  SCV x2  
  102  6:49  Siege Tank  
  102  6:53  SCV  
  102  6:54  Marine x3  
  108  6:59  Supply Depot, Marine  
  108  7:01  Medivac  
  114  7:04  Medivac, Marine  
  114  7:05  SCV, Supply Depot  
  115  7:10  Supply Depot  
  115  7:12  Marine x4, Barracks  
  115  7:13  Marine  
  120  7:17  Marine, Barracks  
  121  7:23  Barracks  
  121  7:24  Marine x2  
  121  7:26  Supply Depot  
  121  7:28  SCV  
  122  7:31  Marine x4  
  122  7:35  Siege Tank  
  129  7:40  SCV  
  129  7:41  SCV, Medivac  
  133  7:47  Supply Depot, Marine x2  
  133  7:48  Supply Depot  
  133  7:49  Barracks  
  135  7:53  Marine x2  
  135  7:55  Terran Infantry Weapons Level 2  
  137  7:58  Terran Infantry Armor Level 2  
  137  8:01  Barracks Reactor  
  137  8:04  Supply Depot, Marine x2  
  139  8:08  Marine  
  139  8:15  Marine  
  139  8:16  Marine  
  139  8:17  Siege Tank  
  139  8:18  Marine x2  
  139  8:19  SCV, Marine  
  137  8:21  Medivac x2  
  137  8:22  Marine x2  
  137  8:26  SCV x2  
  130  8:30  Marine x2  
  130  8:31  Marine x2  
  130  8:32  SCV  
  109  8:41  Marine  
  109  8:42  Marine x5  
  109  8:43  Marine  
  109  8:44  Marine  
  109  8:46  SCV  
  109  8:47  Marine  
  109  8:48  Marine  
  114  8:49  Marine  
  114  8:51  Medivac  
  114  8:53  Siege Tank  
  121  8:58  Medivac  
  121  8:59  Marine  
  121  9:00  Marine  
  125  9:03  Marine  
  125  9:04  Marine x3  
  125  9:08  Marine  
  125  9:09  Marine  
  126  9:12  Marine x4  
  126  9:15  Command Center  
  127  9:17  Marine  
  127  9:21  Marine x2  
  127  9:22  Marine x3  
  110  9:25  Marine  
  110  9:27  Marine, Liberator  
  110  9:29  Marine  
  114  9:31  Marine x3  
  114  9:34  Marine  
  118  9:39  Marine x2  
  118  9:40  Marine x3  
  118  9:43  Marine  
  118  9:45  Marine  
  125  9:46  Siege Tank  
  125  9:47  Marine, Liberator  
  125  9:49  Supply Depot, Marine x3  
  125  9:52  Marine  
  135  9:57  Marine x3  
  135  9:58  Marine x2  
  140  10:01  Marine  
  140  10:02  Marine  
  140  10:05  Marine  
  143  10:07  Marine x3  
  143  10:10  Marine  
  121  10:14  Marine  
  121  10:15  Marine x4  
  121  10:19  Marine, Liberator  
  121  10:20  Marine  
  126  10:23  Supply Depot, Marine  
  126  10:25  Marine x3  
  126  10:28  Marine  
  130  10:32  Marine, Siege Tank  
  130  10:35  Marine x3  
  137  10:38  Unknown  
  137  10:40  Marine x3  
  139  10:46  Planetary Fortress  
  139  10:48  Marine  
  139  10:49  Marine x4  
  144  10:54  Missile Turret  
  143  10:57  Missile Turret  
  143  11:00  Missile Turret  
  143  11:02  Liberator  
  146  11:05  Marine x3  
  146  11:06  Marine  
  146  11:11  Marine  
  150  11:12  Marine  
  150  11:13  SCV  
  150  11:16  Marine  
  150  11:17  Marine x3  
  150  11:18  Marine x2  
  156  11:20  SCV  
  156  11:23  Marine x3  
  156  11:24  Marine  
  158  11:27  Siege Tank  
  158  11:29  Marine  
  158  11:30  SCV x2  
  164  11:37  Marine  
  162  11:43  Marine x4  
  162  11:45  Medivac  
  162  11:47  Marine x4  
  162  11:49  Marine x2  
  168  11:54  Marine  
  168  12:00  Siege Tank  
  168  12:01  Marine x3  
  173  12:02  SCV x3, Marine  
  173  12:05  Marine x3  
  173  12:06  Medivac  
  162  12:15  Marine  
  162  12:16  Marine x3  
  162  12:18  Marine  
  162  12:22  Medivac  
  167  12:26  Marine  
  167  12:29  Marine  
  163  12:31  Marine  
  163  12:34  Marine  
  163  12:35  SCV x2  
  148  12:40  Marine x3  
Show
View Real Time Build Order
Export as new Build Order

Serral Zerg - Winner!

Build Orders: Hatch First 

Get SALT Encoding   

  12  0:00  Drone  
  13  0:12  Overlord  
  13  0:16  Drone  
  14  0:30  Drone x2  
  16  0:47  Hatchery  
  15  0:50  Drone  
  15  0:55  Drone  
  17  0:57  Drone  
  18  1:09  Extractor  
  17  1:14  Spawning Pool  
  17  1:17  Drone  
  17  1:21  Drone  
  18  1:27  Drone  
  19  1:38  Drone  
  20  1:48  Overlord  
  20  2:00  Queen  
  20  2:01  Queen  
  24  2:02  Zergling x4  
  26  2:11  Drone x2  
  26  2:13  Metabolic Boost  
  28  2:20  Drone  
  28  2:21  Drone  
  30  2:38  Hatchery  
  30  2:40  Drone x2  
  31  2:48  Queen  
  33  2:52  Overlord  
  33  2:54  Drone  
  33  2:57  Drone  
  35  2:59  Drone  
  36  3:11  Drone x4  
  40  3:12  Overlord  
  40  3:17  Drone x2  
  42  3:24  Queen  
  44  3:27  Overlord  
  44  3:31  Overlord  
  44  3:37  Zergling x2  
  44  3:38  Zergling x2  
  46  3:45  Zergling x2  
  46  3:47  Drone x2  
  49  3:49  Drone  
  49  3:50  Queen, Drone  
  49  3:52  Drone  
  54  3:55  Zergling x2  
  54  3:56  Drone x2  
  54  4:00  Queen  
  54  4:01  Overlord  
  59  4:03  Drone  
  59  4:04  Drone  
  61  4:15  Zergling x2  
  61  4:19  Drone x3  
  61  4:20  Spore Crawler, Drone x2  
  61  4:22  Spore Crawler  
  64  4:24  Overlord  
  64  4:25  Drone  
  64  4:26  Queen  
  64  4:27  Drone  
  68  4:33  Extractor  
  68  4:34  Evolution Chamber  
  68  4:36  Evolution Chamber  
  68  4:37  Zergling x2  
  68  4:38  Zergling x2  
  67  4:39  Drone x3  
  67  4:43  Overlord  
  67  4:44  Drone  
  71  4:49  Drone  
  72  4:54  Queen, Drone x3  
  72  4:59  Drone  
  77  5:05  Drone x2  
  78  5:10  Drone  
  78  5:13  Drone  
  78  5:19  Drone  
  78  5:24  Zerg Melee Weapons Level 1  
  78  5:29  Drone  
  78  5:30  Drone  
  78  5:31  Drone, Zerg Ground Armor Level 1  
  78  5:34  Drone, Extractor  
  78  5:35  Extractor  
  80  5:36  Drone x2  
  82  5:45  Overlord  
  82  5:48  Drone x2  
  84  5:50  Drone x2  
  84  5:53  Hatchery  
  84  5:54  Lair, Extractor  
  84  5:57  Extractor  
  83  6:04  Drone x6  
  83  6:05  Baneling Nest  
  83  6:08  Drone x4  
  93  6:11  Drone  
  93  6:12  Overlord  
  93  6:15  Drone x2  
  95  6:18  Overlord  
  95  6:20  Overlord  
  95  6:22  Zergling x4  
  97  6:27  Overlord  
  97  6:32  Zergling x2  
  98  6:38  Hatchery, Zergling x10  
  102  6:47  Zergling x6  
  102  6:51  Zergling x10  
  102  6:52  Centrifical Hooks  
  109  6:54  Baneling x7  
  109  6:55  Baneling  
  109  6:58  Zergling x2  
  109  6:59  Zergling x2  
  110  7:02  Drone  
  110  7:03  Drone  
  110  7:04  Zergling x8  
  115  7:11  Zergling x6  
  115  7:12  Zergling x2, Spire  
  118  7:17  Baneling x5  
  118  7:22  Zerg Melee Weapons Level 2  
  118  7:27  Drone x2  
  118  7:28  Drone x2  
  118  7:29  Drone x3  
  121  7:33  Zergling x12  
  121  7:36  Baneling x2  
  121  7:37  Queen  
  127  7:38  Overlord  
  127  7:42  Zergling x4  
  129  7:47  Zerg Ground Armor Level 2  
  129  7:49  Drone  
  129  7:51  Drone  
  131  7:52  Zergling x8  
  131  7:55  Overlord x2  
  135  7:59  Baneling x6  
  135  8:01  Zergling x4  
  137  8:07  Baneling x5  
  133  8:14  Zergling x24  
  133  8:16  Baneling x6  
  121  8:29  Zergling x26  
  121  8:32  Zergling x8  
  121  8:41  Zergling x6  
  115  8:47  Baneling x2  
  111  8:48  Baneling x5  
  111  8:49  Baneling x2  
  111  8:53  Zergling x14  
  113  8:58  Baneling  
  113  8:59  Baneling x6  
  110  9:05  Queen  
  110  9:06  Zergling x2  
  110  9:07  Zergling x24  
  125  9:14  Baneling x4  
  124  9:21  Drone x2  
  124  9:23  Zergling x12  
  119  9:25  Baneling x2  
  119  9:27  Zergling x8  
  120  9:33  Zerg Flyer Weapons Level 1  
  120  9:34  Baneling x2  
  120  9:35  Baneling x4  
  120  9:40  Zergling x12  
  121  9:45  Hatchery  
  121  9:48  Baneling x5  
  120  9:53  Zergling x24  
  129  10:01  Baneling x4  
  130  10:07  Zergling x12  
  122  10:17  Mutalisk x9  
  138  10:22  Mutalisk x2  
  138  10:25  Baneling x10  
  142  10:30  Zergling x10  
  142  10:34  Baneling  
  142  10:35  Baneling x7  
  147  10:37  Zergling x6  
  147  10:40  Zergling x6  
  152  10:44  Unknown, Baneling x3  
  152  10:46  Drone x2  
  152  10:47  Drone  
  152  10:48  Overlord x2  
  154  10:54  Pneumatized Carapace  
  154  10:55  Mutalisk x2  
  154  10:56  Mutalisk  
  160  11:01  Drone x2, Extractor  
  160  11:02  Drone x2  
  160  11:03  Spore Crawler, Drone  
  163  11:08  Mutalisk x2  
  163  11:10  Zergling x6  
  169  11:12  Baneling x5  
  169  11:18  Baneling x5  
  169  11:22  Zergling x6  
  169  11:23  Zergling x10  
  175  11:29  Overlord  
  175  11:30  Infestation Pit, Overlord  
  175  11:31  Mutalisk x2  
  178  11:39  Mutalisk  
  178  11:43  Mutalisk  
  178  11:45  Zergling x18  
  181  11:55  Zergling x22  
  181  12:00  Overseer, Drone  
  181  12:01  Mutalisk x2, Baneling x2  
  190  12:04  Baneling x7  
  183  12:16  Zergling x20  
  183  12:19  Baneling x6  
  183  12:20  Baneling  
  191  12:23  Zergling x10  
  170  12:41  Zergling x40  
Tags
 
Add a new tag
Caveats
  • Supply blocks, unpowered buildings, or Contaminate may cause inaccurate times.
  • Supply counts are checked every 10 seconds.